cohdb
Replays
Latest Replays
All Replays
Popular Replays
Top Player Replays
Match Explorer
How It Works
Community
CoH3 Stats
Reddit
Sign in to upload your games and track your stats! →
Sign in with Steam
Match 28452669
Unlisted
Match 28452669
Overview
Messages
Build Orders
End
Selects Airborne Battlegroup
Scout Squad
Selects Pathfinders
Construct Barracks
Riflemen Squad
Riflemen Squad
Riflemen Squad
Mechanized Support Center
Construct Medical Station
M1918 Browning Automatic Rifles
Riflemen Squad
Grenade Package
Riflemen Squad
Engineer Squad
Selects Paratrooper Squad Paradrop
Selects Anti-tank Gun Team Paradrop
Anti-tank Gun Team Paradrop
Construct Tank Depot
M4A1 Sherman Medium Tank
Selects Recon Loiter
Recon Loiter
Selects Supply Drop
Supply Drop
M4A1 Sherman Medium Tank
M4A1 76mm Conversion
Recon Loiter
Supply Drop
Rearm and Retrofit
Selects Carpet Bombing Run
Supply Drop
M4A1(76) Sherman Medium Tank
Recon Loiter
Designate Forward Repair Station
Supply Drop
Recon Loiter
Carpet Bombing Run
HulkSMASH
FooKilla
Zapata
Einherjer
0
0
Comments
sign in to comment!
No comments posted yet!